 Dungeon Crawl Stone Soup version 0.29-a0-1023-g6ae1a4a2c7 (webtiles) character file.

Game seed: 1801528452150189702

351 BritishOli the Trooper (level 6, 0/49 HPs)
             Began as a Demonspawn Fighter on Aug 11, 2022.
             Slain by a gnoll
             ... wielding a +0 flail of holy wrath
              (5 damage)
             ... on level 4 of the Dungeon.
             The game lasted 00:02:02 (3121 turns).

BritishOli the Trooper (Demonspawn Fighter)         Turns: 3121, Time: 00:02:02

Health: 0/49       AC:  7    Str: 18    XL:     6   Next: 34%
Magic:  6/6        EV:  9    Int:  9    God:
Gold:   176        SH:  5    Dex: 13    Spells: 5/5 levels left

rFire   . . .      SeeInvis .   a - +0 long sword
rCold   . . .      Faith    .   c - +0 buckler
rNeg    . . .      Spirit   .   b - +0 scale mail
rPois   .          Reflect  .   (no helmet)
rElec   .          Harm     .   (no cloak)
rCorr   .          Rampage  .   (no gloves)
Will    .....                   (no boots)
Stlth   ..........              (no amulet)
HPRegen 0.16/turn               (no ring)
MPRegen 0.10/turn               (no ring)

@: no status effects
A: claws 2, ignite blood 1, spiny 1
a: no special abilities


You were on level 4 of the Dungeon.
You visited 1 branch of the dungeon, and saw 4 of its levels.

You collected 176 gold pieces.

Inventory:

Hand Weapons
 a - a +0 long sword (weapon)
Armour
 b - a +0 scale mail (worn)
 c - a +0 buckler (worn)
Jewellery
 w - a ring of ice
Wands
 n - a wand of roots (8)
 x - a wand of charming (2)
Scrolls
 e - 2 scrolls of amnesia {unknown}
 f - 3 scrolls of identify {unknown}
 k - 2 scrolls of noise {unknown}
 m - 3 scrolls of teleportation {unknown}
 o - a scroll of fear {unknown}
 q - a scroll of magic mapping {unknown}
 s - a scroll of torment {unknown}
 t - 2 scrolls of enchant armour {unknown}
Potions
 d - a potion of might
 g - a potion of lignification {unknown}
 h - a potion of ambrosia {unknown}
 i - 2 potions of curing {unknown}
 j - 2 potions of mutation {unknown}
 l - 2 potions of degeneration {unknown}
 p - a potion of magic {unknown}
 r - a potion of brilliance {unknown}
 u - a potion of heal wounds {unknown}
 v - a potion of berserk rage {unknown}


   Skills:
 + Level 4.4 Fighting
 + Level 3.4 Long Blades
 + Level 4.0 Armour
 + Level 4.0 Shields


You had 5 spell levels left.
You didn't know any spells.
Your spell library contained the following spells:

 Spells                   Type           Power      Damage    Failure   Level
 Ozocubu's Armour         Ice            0%         N/A       99%         3
 Ozocubu's Refrigeration  Ice            0%         4d7       100%        7


Dungeon Overview and Level Annotations

Branches:
Dungeon (4/15)
 Temple: D:4-7

Altars:
Hepliaklqana
Kikubaaqudgha
Vehumet


Innate Abilities, Weirdness & Mutations

You have very sharp fingernails.
Your demonic aura sometimes causes spilled blood to erupt in flames.
You are partially covered in sharp spines.


Message History

You closely miss the orc priest.
The orc priest is heavily wounded.
The gnoll barely misses you.
The orc priest hits you with a +0 dagger.
The gnoll is struck by your spines. The gnoll hits you with a +0 club.
The orc wizard casts a spell.
The orc wizard flickers and vanishes!
Deactivating autopickup; reactivate with Ctrl-A.
You barely miss the orc priest.
The orc priest is heavily wounded.
You block the gnoll's attack. The gnoll hits you with a +0 club.
The gnoll is struck by your spines. The gnoll barely misses you.
The gnoll is struck by your spines. The gnoll hits you with a +0 club.
The gnoll hits you but does no damage. The gnoll barely misses you.
Unknown command.
Unknown command.
You are too injured to fight recklessly!
You are too injured to fight recklessly!
Unknown command.
You are too injured to fight recklessly!
Unknown command.
You are too injured to fight recklessly!
You closely miss the orc.
The gnoll hits you from afar with a +0 spear.
You block the gnoll's attack. x2; The orc is struck by your spines.
You kill the orc!
You closely miss the goblin.
The gnoll hits you from afar with a +0 spear.
The gnoll closely misses you.
The orc priest mumbles some strange prayers to Beogh against you.
Beogh smites you!
* * * LOW HITPOINT WARNING * * *
The goblin is struck by your spines.
You kill the goblin!
The gnoll attacks as you move away! The gnoll misses you.
Found a stone staircase leading up.
The orc priest begins to cast a cantrip, but forgets the words!
The gnoll attacks as you move away! The gnoll is struck by your spines.
The gnoll hits you with a +0 flail of holy wrath.
You die...

............ .<..
#.........## ...
.........)...
...#...######..........†..
............. ............
#........... ....####....
.......#...##.#...####....
.....#..................
.gg#.@# .#.#.##...#..
...#.#)#g.###.#.#.##......
.......g.o....#.........#'
...###)#o...####..........
......o...+.............
'#.#.#....#.#.........).
...#.#....†........#+#..
... #.#..................
... #.#...............#..


You could see an orc priest, 2 gnolls and 2 orcs.

Vanquished Creatures
  An ogre (D:4)
  2 scorpions (D:4)
  An orc priest (D:3)
  2 gnolls
  3 adders
  A worm (D:3)
  2 dart slugs
  3 orcs
  6 bats
  5 endoplasms
  3 giant cockroaches (D:1)
  4 goblins
  6 hobgoblins
  6 kobolds
  10 ball pythons
  6 frilled lizards
  5 rats
66 creatures vanquished.

Notes
Turn   | Place    | Note
-------+----------+-------------------------------------------
     0 | D:1      | BritishOli the Demonspawn Fighter began the quest for the
                  | Orb.
     0 | D:1      | Reached XP level 1. HP: 18/18 MP: 1/1
   282 | D:1      | Gained mutation: You have sharp fingernails. [demonic
                  | ancestry]
   282 | D:1      | Reached XP level 2. HP: 24/24 MP: 2/2
   591 | D:1      | Gained mutation: You are partially covered in sharp spines.
                  | [demonic ancestry]
   591 | D:1      | Reached XP level 3. HP: 29/29 MP: 3/3
  1513 | D:2      | Gained mutation: Your demonic aura sometimes causes spilled
                  | blood to erupt in flames. [demonic ancestry]
  1513 | D:2      | Reached XP level 4. HP: 34/35 MP: 4/4
  1915 | D:2      | Found a radiant altar of Vehumet.
  2539 | D:3      | Found an ancient bone altar of Kikubaaqudgha.
  2539 | D:3      | Found a hazy altar of Hepliaklqana.
  2672 | D:3      | Found a faded altar of an unknown god.
  2713 | D:4      | Noticed a scorpion
  2723 | D:4      | Killed a scorpion
  2724 | D:4      | Reached XP level 5. HP: 22/42 MP: 5/5
  2910 | D:4      | Noticed an ogre
  2919 | D:4      | Killed an ogre
  2920 | D:4      | Gained mutation: You have very sharp fingernails. [demonic
                  | ancestry]
  2920 | D:4      | Reached XP level 6. HP: 23/49 MP: 6/6
  3121 | D:4      | Slain by a gnoll

Illustrated notes

Levels and vault maps discovered:
D:1:      lightli_arrival_maybe_door_vault, layout_loops_ring
D:2:      layout_basic, basic_altar
D:3:      layout_basic, mainiacjoe_overflow_six_doors_small,
          gammafunk_temple_overflow_wave, shapermc_ecumenical_altar_acropolis
D:4:      layout_basic, kennysheep_okawaru_gauntlet, uniq_sigmund

Skill      XL: |  1  2  3  4  5  6 |
---------------+-------------------+-----
Long Blades    | 2 3 |  3.4
Shields        | 3 4 |  4.0
Armour         | 3 4 |  4.0
Fighting       | 4 |  4.4

Action                   |  1- 3 |  4- 6 || total
-------------------------+-------+-------++-------
Melee: Long sword        |    94 |    73 ||   167
Armor: Scale mail        |    57 |    28 ||    85
Dodge: Dodged            |    40 |    27 ||    67
Block: Buckler           |    28 |    23 ||    51

Table legend: (Time is in decaauts)
 A = Elapsed time spent in this place.
 B = Non-inter-level travel time spent in this place.
 C = Inter-level travel time spent in this place.
 D = Time resting spent in this place.
 E = Time spent auto-exploring this place.
 F = Levels seen in this place.
 G = Mean time per level.
                   A        B        C        D        E       F      G
               +--------+--------+--------+--------+--------+-----+--------+
         Total |   3175 |   3087 |     88 |    162 |   2488 |   4 |  793.8 |
       Dungeon |   3175 |   3087 |     88 |    162 |   2488 |   4 |  793.8 |
               +--------+--------+--------+--------+--------+-----+--------+

Top non-repeatable levels by time:
     D:1: 1005 daAuts
     D:2: 997 daAuts
     D:3: 754 daAuts
     D:4: 418 daAuts
